 Dungeon Crawl Stone Soup version 0.30-a0-930-gb9d0489357 (webtiles) character file.

Game seed: 17595366060804516131

201993 ZappyNine the Imperceptible (level 19, 0/124 HPs)
             Began as a Kobold Brigand on Mar 23, 2023.
             Was a High Priest of Dithmenos.
             Killed from afar by a shock serpent (15 damage)
             ... with a bolt of electricity
             ... on level 3 of the Snake Pit.
             The game lasted 01:18:13 (41257 turns).

ZappyNine the Imperceptible (Kobold Brigand)       Turns: 41257, Time: 01:18:14

Health: 0/124      AC: 22    Str:  9    XL:     19   Next: 27%
Magic:  27/27      EV: 24    Int: 13    God:    Dithmenos [*****.]
Gold:   4119       SH: 19    Dex: 25    Spells: 18/29 levels left

rFire   . . .      SeeInvis .    D - +5 rapier (heavy)
rCold   . . .      Faith    .    l - +1 kite shield {AC+3}
rNeg    . . .      Spirit   .    h - +0 swamp dragon scales
rPois   +          Reflect  +    C - +1 helmet of the World {Dex+2}
rElec   .          Rampage  .    c - +0 cloak
rCorr   .                        w - +0 pair of gloves
Will    +....                    v - +0 pair of boots Stlth ******++++
                                 A - amulet of reflection
HPRegen 0.40/turn                H - +4 ring of protection
MPRegen 0.20/turn                m - ring of flight

@: about to teleport, on berserk cooldown, flying, wreathed by umbra
A: small, no large weapons, nightstalker 3
}: 1/15 runes: decaying
a: Renounce Religion, Shadow Step, Shadow Form


You were on level 3 of the Snake Pit.
You worshipped Dithmenos.
Dithmenos was extremely pleased with you.
You visited 5 branches of the dungeon, and saw 29 of its levels.
You also visited: Sewer and Bailey.

You collected 4119 gold pieces.

Inventory:

Hand Weapons
 D - a +5 heavy rapier (weapon)
 P - a +6 quick blade of freezing
Missiles
 d - 44 poisoned darts (quivered)
 e - 8 curare-tipped darts
 n - 19 atropa-tipped darts
Armour
 c - a +0 cloak (worn)
 h - +0 swamp dragon scales (worn)
 l - a +1 kite shield of protection (worn)
 v - a +0 pair of boots (worn)
 w - a +0 pair of gloves (worn)
 C - the +1 helmet of the World (worn) {Dex+2}
   (You found it on level 13 of the Dungeon)

   Dex:       It affects your dexterity (+2).
Jewellery
 m - a ring of flight (right hand)
 A - an amulet of reflection (around neck)
 F - a ring of protection from cold
 H - a +4 ring of protection (left hand)
 M - a +4 ring of protection
 V - an amulet of regeneration
Wands
 b - a wand of flame (40)
 p - a wand of charming (16)
 r - a wand of polymorph (7)
 y - a wand of mindburst (13)
 G - a wand of roots (17)
 I - a wand of acid (36)
 S - a wand of digging (6)
Scrolls
 a - 2 scrolls of magic mapping
 f - 9 scrolls of teleportation
 j - 11 scrolls of identify
 k - 6 scrolls of fog
 o - 3 scrolls of silence
 K - 2 scrolls of blinking
 O - 7 scrolls of fear
 R - a scroll of summoning
 W - 3 scrolls of poison
 Z - 3 scrolls of amnesia
Potions
 g - 7 potions of flight
 i - 4 potions of resistance
 s - 10 potions of brilliance
 t - a potion of ambrosia
 z - a potion of magic
 B - 16 potions of curing
 L - a potion of invisibility
 N - a potion of might
 U - a potion of berserk rage
 X - 3 potions of mutation


   Skills:
 - Level 15.5 Fighting
 - Level 14.0 Short Blades
 - Level 2.1 Throwing
 - Level 7.2 Armour
 - Level 16.4 Dodging
 - Level 22.1 Stealth
 + Level 9.8 Shields
 - Level 5.8 Spellcasting
 - Level 2.0 Conjurations
 - Level 6.9 Hexes
 - Level 3.0 Translocations
 + Level 9.6 Invocations
 - Level 5.0 Evocations


You had 18 spell levels left.
You knew the following spells:

 Your Spells              Type           Power      Damage    Failure   Level
a - Momentum Strike       Conj/Tloc      20%        3d8       58%         2
b - Blink                 Tloc           22%        N/A       52%         2
c - Confusing Touch       Hex            21%        N/A       24%         3
d - Slow                  Hex            84%        N/A       8%          1
e - Portal Projectile     Hex/Tloc       32%        N/A       45%         3

Your spell library contained the following spells:

 Spells                   Type           Power      Damage    Failure   Level
 Apportation              Tloc           22%        N/A       36%         1
 Magic Dart               Conj           36%        1d4       50%         1
 Lesser Beckoning         Tloc           22%        N/A       52%         2
 Summon Guardian Golem    Hex/Summ       12%        N/A       67%         3
 Freeze                   Ice            12%        1d3       80%         1
 Necrotise                Necr           12%        1d4       80%         1
 Summon Small Mammal      Summ           12%        N/A       80%         1
 Call Imp                 Summ           3%         N/A       90%         2
 Cigotuvi's Dreadful Rot  Necr/Pois/Air  6%         N/A       90%         2
 Poisonous Vapours        Pois/Air       6%         N/A       90%         2
 Sublimation of Blood     Necr           3%         N/A       90%         2
 Wereblood                Tmut           3%         N/A       90%         2
 Hailstorm                Conj/Ice       6%         3d4       95%         3
 Mephitic Cloud           Conj/Pois/Air  5%         N/A       97%         3
 Leda's Liquefaction      Hex/Erth       6%         N/A       97%         4
 Manifold Assault         Tloc           11%        N/A       98%         4
 Call Canine Familiar     Summ           3%         N/A       99%         3
 Frozen Ramparts          Ice            6%         1d1       99%         3
 Vampiric Draining        Necr           3%         2d6       99%         3
 Dispel Undead            Necr           3%         3d7       100%        4
 Ice Form                 Ice/Tmut       3%         N/A       100%        4
 Petrify                  Tmut/Erth      3%         N/A       100%        4
 Sticky Flame             Conj/Fire      6%         2d3       100%        4
 Summon Ice Beast         Ice/Summ       3%         N/A       100%        4
 Agony                    Necr           3%         N/A       100%        5
 Metabolic Englaciation   Hex/Ice        6%         N/A       100%        5
 Simulacrum               Ice/Necr       1%         N/A       100%        6
 Statue Form              Tmut/Erth      2%         N/A       100%        6
 Storm Form               Tmut/Air       1%         N/A       100%        7
 Summon Hydra             Summ           1%         N/A       100%        7
 Discord                  Hex            10%        N/A       100%        8


Dungeon Overview and Level Annotations

Branches:
Dungeon (15/15)            Temple (0/1) D:5            Lair (5/5) D:11
  Swamp (4/4) Lair:3        Snake (3/4) Lair:2        Slime (0/5) Lair:5
    Orc (2/2) D:12            Elf (0/3) Orc:2        Vaults (0/5) D:13
 Depths (0/4) D:15          Sewer (visited)          Bailey (visited)

Altars:
Dithmenos
Hepliaklqana
Kikubaaqudgha
Makhleb
Ru
Sif Muna
Xom

Shops:
D:5 *   D:6 *   D:11 (   D:13 (   D:15 [*   Orc:2 *[:(   Snake:3 (

Annotations:
D:10 2 transporters
D:12 exclusion: orange crystal statue
Snake:3 4 transporters


Innate Abilities, Weirdness & Mutations

You are small and have problems with some larger weapons.
You are completely attuned to the shadows.


Message History

The shock serpent shoots out a bolt of lightning at you!
The bolt of electricity hits you!
The shock serpent attacks as you move away!
You block the shock serpent's attack.
The shock serpent shoots out a bolt of lightning at you!
The bolt of electricity hits you!!
You hit the shock serpent.
The shock serpent is lightly wounded.
Your shadow hits the shock serpent with a rapier.
You block the shock serpent's attack.
You closely miss the shock serpent.
The shock serpent is lightly wounded.
Your shadow hits the shock serpent with a rapier.
The shock serpent's electric aura discharges, shocking your shadow!
The shock serpent shoots out a bolt of lightning at you!
The bolt of electricity hits you!
* * * LOW HITPOINT WARNING * * *
The shock serpent shoots out a bolt of lightning at you!
The bolt of electricity hits you!
* * * LOW HITPOINT WARNING * * *
Unknown command.
Unknown command.
You feel much better.
The shock serpent completely misses you.
Unknown command.
Unknown command.
As you read the scroll of teleportation, it crumbles to dust.
You feel strangely unstable.
The shock serpent shoots out a bolt of lightning at you!
The bolt of electricity hits you!!
* * * LOW HITPOINT WARNING * * *
The shock serpent bites you!
* * * LOW HITPOINT WARNING * * *
The shock serpent shocks you!
* * * LOW HITPOINT WARNING * * *
Unknown command.
Unknown command.
The shock serpent shoots out a bolt of lightning at you!
The bolt of electricity hits you!
You die...

####.#
#.########.....###[.... #.#
#.# ................. ..
.......#.........
.#...###.....###. #.######
#......... .####...###
#.........
#..........#####........
..........##....#......
....).@...#..####<.....
##.$...####.#####...... ####
#))#S####...# #.......#
.'..##.##N##.....###.......#
.'.....##N##.#.....[..#....#
##)..##...................#
#...N...###.###...........#
...###.#..#©..###..#.......#
.## #..##...©....†....>.####


You could see a shock serpent and a naga.

Vanquished Creatures
  A bone dragon (Swamp:4)
  Jorgrun (Snake:3)
  Rupert (Lair:4)
  Gastronok (D:9)
  Kirke (Lair:4)
  Roxanne (Swamp:3)
  2 fenstrider witches
  A nagaraja (Snake:2)
  Louise (Snake:3)
  Aizul (Snake:3)
  3 orc warlords
  3 eleionomae
  4 dire elephants (Lair:5)
  8 bunyips
  Snorg (D:13)
  The ghost of NinjaNoafa the Thaumaturge, a journeyman DrCj of Vehumet (Lair:2)
  A shambling mangrove (Swamp:3)
  Josephine (D:11)
  4 vault guards
  7 hydras
  A salamander tyrant (Snake:2)
  4 ghost crabs
  2 ogre magi (D:15)
  3 anacondas
  A death knight (D:15)
  A boulder beetle (D:12)
  6 centaur warriors
  15 two-headed ogres
  2 tengu warriors
  11 naga warriors
  Urug (Orc:1)
  6 alligators
  An orc high priest (Orc:2)
  5 death yaks
  A spectral dire elephant (Lair:5)
  3 hell knights (D:13)
  9 naga sharpshooters
  4 shock serpents
  5 salamander mystics
  Amaemon (D:9)
  A sun demon (D:12)
  2 skysharks (Lair:5)
  6 goliath frogs
  3 spriggan druids
  A spectral anaconda (Lair:5)
  A sea snake (Snake:2)
  Lodul (D:11)
  2 spectral hydras (Swamp:4)
  A wizard (D:15)
  8 bog bodies
  3 naga ritualists (Snake:2)
  7 orc knights
  3 deep elf pyromancers
  2 swamp dragons (Swamp:3)
  An obsidian statue (Lair:5)
  6 necromancers
  A harpy (shapeshifter) (D:13)
  6 orc sorcerers
  An oklob plant (Swamp:4)
  A phantasmal warrior (Swamp:4)
  2 mana vipers (Snake:2)
  18 ugly things
  4 manticores
  11 cyclopes
  13 salamanders
  A will-o-the-wisp (Swamp:4)
  A rust devil (D:12)
  10 elephants
  6 naga magi
  4 guardian serpents
  A torpor snail (Lair:5)
  21 black mambas
  An orange demon (D:9)
  7 gargoyles
  Maurice (Orc:2)
  15 cane toads
  A dire elephant skeleton (Lair:5)
  5 swamp worm zombies (Swamp:4)
  An unseen horror (shapeshifter) (D:13)
  Psyche (D:8)
  A centaur skeleton (D:15)
  8 rime drakes
  A rime drake (shapeshifter) (D:14)
  7 komodo dragons
  2 efreet
  2 tengu conjurers
  5 polar bears
  3 hydra zombies (Swamp:4)
  9 trolls
  7 tyrant leeches
  7 hornets
  A bloated husk (Swamp:2)
  An alligator zombie (Swamp:4)
  A spectral elephant (Lair:5)
  Prince Ribbit (D:9)
  6 blink frogs
  2 spectral swamp dragons (Swamp:4)
  9 slime creatures
  12 spriggans (Lair:3)
  A centaur simulacrum (D:15)
  37 yaks
  2 wyverns
  A shadow (D:10)
  A water elemental (D:14)
  8 wraiths
  5 basilisks
  2 hogs (Lair:4)
  9 vampire mosquitoes
  Grum (D:9)
  A steam dragon (D:7)
  2 spectral cane toads (Lair:5)
  3 wargs
  17 swamp worms
  24 nagas
  A death yak simulacrum (Lair:5)
  7 hell hounds (D:13)
  20 water moccasins
  5 acid dragons
  2 swamp drakes
  A sky beast (D:7)
  46 orc warriors
  4 swamp dragon zombies (Swamp:4)
  3 black bears
  17 ogres
  16 wolves
  3 boggarts (Lair:3)
  10 centaurs
  6 phantoms (Swamp:4)
  6 kobold brigands
  A gnoll sergeant (D:8)
  8 bullfrogs
  2 scorpions
  A cane toad simulacrum (Lair:5)
  4 necrophages (D:4)
  A water moccasin zombie (D:4)
  6 wights
  6 killer bees
  8 howler monkeys
  7 electric eels
  5 lava snakes
  7 jellies
  A quasit (D:12)
  6 hounds
  4 gnoll boudas
  A human zombie (D:4)
  20 orc priests
  Crazy Yiuf (D:7)
  24 orc wizards
  A scorpion zombie (D:4)
  A boggart zombie (D:15)
  5 iguanas
  3 mummies (D:4)
  24 gnolls
  4 swamp drake zombies (Swamp:4)
  16 adders
  4 river rats (Sewer)
  A shadow imp (D:5)
  3 white imps (D:7)
  2 ufetubi (D:7)
  An adder zombie (D:4)
  6 worms
  4 dart slugs
  82 orcs
  15 bats
  5 endoplasms
  6 giant cockroaches
  22 goblins
  23 hobgoblins
  6 jackals
  6 quokkas
  12 ball pythons
  4 frilled lizards
  30 kobolds
  8 rats
1060 creatures vanquished.

Vanquished Creatures (collateral kills)
  A killer bee (D:9)
  A gnoll (Bailey)
  2 orcs (Bailey)
4 creatures vanquished.

Vanquished Creatures (others)
  A bloated husk (Swamp:4)
  2 humans (Lair:4)
  An orc priest (Orc:2)
  An orc (D:7)
  A kobold (D:6)
  25 fungi
  75 plants
  18 withered plants (Lair:5)
124 creatures vanquished.

Grand Total: 1188 creatures vanquished

Notes
Turn   | Place    | Note
-------+----------+-------------------------------------------
     0 | D:1      | ZappyNine the Kobold Brigand began the quest for the Orb.
     0 | D:1      | Reached XP level 1. HP: 12/12 MP: 1/1
   192 | D:1      | Reached XP level 2. HP: 18/18 MP: 2/2
   430 | D:1      | Found Xupip's Antique Armour Shop.
   845 | D:2      | Reached XP level 3. HP: 22/22 MP: 3/3
   897 | D:2      | Reached skill level 6 in Stealth
  1048 | D:2      | Identified the +1 leather armour of Qazlal's Vengeance
                  | {Int+3}
  1111 | D:2      | Reached XP level 4. HP: 27/27 MP: 4/4
  1422 | D:3      | Found a glowing drain.
  1559 | Sewer    | Entered a sewer
  1594 | Sewer    | Reached XP level 5. HP: 32/32 MP: 5/5
  1746 | Sewer    | Reached skill level 7 in Stealth
  1773 | Sewer    | HP: 2/48 [poisoned by an adder]
  2549 | D:3      | Reached XP level 6. HP: 37/37 MP: 6/6
  2653 | D:3      | Found a shadowy altar of Dithmenos.
  2663 | D:3      | Became a worshipper of Dithmenos the Shadowed
  2739 | D:3      | Found a sacrificial altar of Ru.
  3776 | D:4      | Reached * piety under Dithmenos
  3778 | D:4      | Reached skill level 8 in Stealth
  3778 | D:4      | Reached XP level 7. HP: 42/42 MP: 7/7
  3881 | D:4      | Found an ancient bone altar of Kikubaaqudgha.
  3987 | D:4      | Reached skill level 5 in Short Blades
  4068 | D:4      | Reached skill level 9 in Stealth
  4068 | D:4      | Reached XP level 8. HP: 48/48 MP: 8/8
  4436 | D:4      | Reached skill level 5 in Dodging
  4907 | D:4      | Reached skill level 5 in Fighting
  5002 | D:5      | Entered Level 5 of the Dungeon
  5034 | D:5      | Found Cawoumo's General Store.
  5246 | D:5      | Reached skill level 10 in Stealth
  5253 | D:5      | Reached ** piety under Dithmenos
  5483 | D:5      | Found a staircase to the Ecumenical Temple.
  5875 | D:6      | Found Magac's Assorted Antiques.
  6316 | D:6      | Reached XP level 9. HP: 33/54 MP: 9/9
  6510 | D:6      | Reached skill level 11 in Stealth
  6603 | D:6      | Identified the +7 sling "Relamotz" {heavy, rC+ Will+ Str-2}
  7269 | D:7      | Noticed a cyclops
  7302 | D:7      | Killed a cyclops
  7303 | D:7      | Reached skill level 12 in Stealth
  7545 | D:7      | Reached XP level 10. HP: 61/61 MP: 10/10
  7673 | D:7      | Reached skill level 13 in Stealth
  7833 | D:7      | Noticed a two-headed ogre
  7833 | D:7      | Noticed a cyclops
  7976 | D:7      | Found a runed translucent door.
  7979 | D:7      | Noticed Crazy Yiuf
  8162 | D:7      | Reached *** piety under Dithmenos
  8283 | D:7      | Identified a scroll of acquirement
  8283 | D:7      | Acquired 640 gold pieces
  9002 | D:7      | Killed a two-headed ogre
  9003 | D:7      | Reached skill level 14 in Stealth
  9605 | D:7      | Reached skill level 1 in Invocations
  9647 | D:7      | Found a shimmering blue altar of Sif Muna.
 10875 | D:7      | Found a shimmering altar of Xom.
 10968 | D:7      | Reached XP level 11. HP: 66/68 MP: 13/13
 11095 | D:7      | Reached **** piety under Dithmenos
 11124 | D:7      | Got Sif Muna's Discourse on Charms
 11213 | D:7      | Killed a cyclops
 11526 | D:7      | Killed Crazy Yiuf
 11793 | D:8      | Noticed Psyche
 11797 | D:8      | Killed Psyche
 11852 | D:8      | Reached skill level 15 in Stealth
 12522 | D:8      | Found a hazy altar of Hepliaklqana.
 12667 | D:9      | Noticed Prince Ribbit
 12669 | D:9      | Killed Prince Ribbit
 12670 | D:9      | Reached skill level 10 in Short Blades
 13161 | D:9      | Noticed Amaemon
 13164 | D:9      | Killed Amaemon
 13178 | D:9      | Noticed Grum
 13183 | D:9      | Killed Grum
 13484 | D:9      | Noticed Gastronok
 13488 | D:9      | Killed Gastronok
 13749 | D:10     | Entered Level 10 of the Dungeon
 13764 | D:10     | Learned a level 2 spell: Momentum Strike
 13767 | D:10     | Learned a level 2 spell: Blink
 13794 | D:10     | Reached XP level 12. HP: 75/75 MP: 14/14
 13800 | D:10     | Found a transporter.
 13833 | D:10     | Found a flagged portal.
 13838 | D:10     | Noticed a two-headed ogre
 13842 | D:10     | Killed a two-headed ogre
 13843 | D:10     | Reached skill level 1 in Spellcasting
 13843 | D:10     | Reached skill level 1 in Conjurations
 13843 | D:10     | Reached skill level 1 in Translocations
 13851 | Bailey   | Entered a bailey
 13951 | Bailey   | Reached ***** piety under Dithmenos
 14495 | Bailey   | Noticed an orc warlord
 14537 | Bailey   | Killed an orc warlord
 14562 | Bailey   | Identified the +1 dagger of the Goat {heavy, Str+3}
 14600 | D:10     | Acquired a +6 quick blade of freezing
 14692 | D:10     | Found a transporter.
 15380 | D:11     | Found Huishav's Antique Weapon Boutique.
 15604 | D:11     | Reached skill level 16 in Stealth
 15641 | D:11     | Noticed a two-headed ogre
 15648 | D:11     | Killed a two-headed ogre
 15649 | D:11     | Reached skill level 10 in Dodging
 15686 | D:11     | Noticed Josephine
 15690 | D:11     | Killed Josephine
 15699 | D:11     | Reached XP level 13. HP: 81/81 MP: 17/17
 15743 | D:11     | Found a gate leading to a gauntlet.
 15771 | D:11     | Reached ****** piety under Dithmenos
 15864 | D:11     | Reached skill level 10 in Fighting
 15897 | D:11     | Found a staircase to the Lair.
 15903 | D:11     | Noticed Lodul
 15932 | D:11     | Killed Lodul
 15989 | D:11     | Reached skill level 17 in Stealth
 17702 | D:12     | Reached skill level 18 in Stealth
 17902 | D:12     | Found a staircase to the Orcish Mines.
 18079 | Lair:1   | Entered Level 1 of the Lair of Beasts
 18473 | Lair:1   | Reached XP level 14. HP: 91/91 MP: 18/18
 19436 | Lair:2   | Found a runed translucent door.
 19441 | Lair:2   | Noticed NinjaNoafa's ghost (journeyman DrCj)
 19569 | Lair:2   | Identified the +1 scimitar of Qoisaulo {elec, *Corrode
                  | rF+++ rN+++ Int-4}
 19718 | Lair:2   | Found a staircase to the Snake Pit.
 19814 | Lair:2   | Found a burning altar of Makhleb.
 20460 | Lair:2   | Identified the staff of cold "Kiunlut" {rC+ Will+}
 20525 | Lair:3   | Identified the +12 plate armour of Gluttony {rPois rC+
                  | Dex+4 Stlth+}
 20837 | Lair:3   | Found a staircase to the Swamp.
 20950 | Lair:3   | Reached skill level 19 in Stealth
 21633 | Lair:4   | Noticed Kirke
 21662 | Lair:4   | Killed Kirke
 21961 | Lair:4   | Noticed Rupert
 21993 | Lair:4   | Killed Rupert
 21994 | Lair:4   | Reached skill level 20 in Stealth
 21994 | Lair:4   | Reached XP level 15. HP: 76/99 MP: 19/19
 22021 | Lair:4   | Identified the +0 scale mail of Laaduazu {rF+ rC+}
 22251 | Lair:4   | You fall into a shaft and drop 1 floor!
 22251 | Lair:5   | Entered Level 5 of the Lair of Beasts
 22251 | Lair:5   | Found a staircase to the Slime Pits.
 22883 | Lair:5   | Got Kikubaaqudgh's Compilation of the Charnel House
 23624 | Lair:5   | Reached skill level 15 in Dodging
 24043 | Lair:5   | Got the Collected Works on Confrontation and the Arsonist
 24483 | Lair:5   | Reached skill level 21 in Stealth
 25373 | D:13     | Identified the +1 helmet of the World {Dex+2}
 26323 | D:13     | Noticed Snorg
 26327 | D:13     | Killed Snorg
 26335 | D:13     | Reached XP level 16. HP: 107/107 MP: 20/20
 26772 | D:12     | Reached skill level 15 in Fighting
 26853 | D:13     | Found a gate to the Vaults.
 27263 | D:13     | Found Ymupyut's Antique Weapon Shop.
 27796 | D:14     | Reached skill level 1 in Shields
 28732 | D:15     | Entered Level 15 of the Dungeon
 28836 | D:15     | Reached skill level 5 in Shields
 29587 | D:15     | Found Qijil's Pet Rocks.
 29970 | D:15     | Found Demnayru's Antique Armour Shop.
 30222 | D:15     | Found a staircase to the Depths.
 30524 | Orc:1    | Entered Level 1 of the Orcish Mines
 30564 | Orc:1    | Noticed Urug
 30568 | Orc:1    | Killed Urug
 30569 | Orc:1    | Reached XP level 17. HP: 113/113 MP: 21/21
 30640 | Orc:2    | Entered Level 2 of the Orcish Mines
 30640 | Orc:2    | Found a staircase to the Elven Halls.
 30646 | Orc:2    | Found Geikei's General Store.
 30654 | Orc:2    | Reached skill level 1 in Armour
 30856 | Orc:2    | Noticed Maurice
 30868 | Orc:2    | Killed Maurice
 30905 | Orc:2    | Found Buitim's Antique Armour Boutique.
 30917 | Orc:2    | Reached skill level 22 in Stealth
 30950 | Orc:2    | Found Lopeufru's Antique Weapon Shop.
 31046 | Orc:2    | Found Kiwk's Book Shoppe.
 31068 | Orc:2    | Learned a level 3 spell: Confusing Touch
 31070 | Orc:2    | Learned a level 1 spell: Slow
 31444 | Orc:1    | Reached skill level 1 in Hexes
 32396 | Swamp:1  | Entered Level 1 of the Swamp
 32849 | Swamp:1  | Learned a level 3 spell: Portal Projectile
 33318 | Swamp:2  | You are sucked into a shaft and drop 1 floor!
 33437 | Swamp:3  | Reached skill level 5 in Hexes
 33560 | Swamp:3  | Identified the +1 hand axe of the Fae God {flame, rN+}
 33581 | Swamp:3  | Noticed Roxanne
 33617 | Swamp:3  | Killed Roxanne
 33618 | Swamp:3  | Reached skill level 5 in Spellcasting
 34783 | Swamp:4  | Entered Level 4 of the Swamp
 35250 | Swamp:2  | Identified the +7 hand axe of Integrity {venom, rPois rCorr
                  | Int-2 SInv}
 35412 | Swamp:4  | Reached skill level 5 in Armour
 35483 | Swamp:4  | Identified the amulet "Nided" {Faith rCorr Int+2}
 35649 | Swamp:4  | Reached XP level 18. HP: 119/119 MP: 26/26
 36444 | Swamp:4  | Noticed a bone dragon
 36966 | Swamp:4  | Killed a bone dragon
 37126 | Swamp:4  | Got a decaying rune of Zot
 37159 | Swamp:4  | Reached skill level 1 in Evocations
 37629 | Lair:2   | Killed NinjaNoafa's ghost
 37637 | Snake:1  | Entered Level 1 of the Snake Pit
 37944 | Snake:1  | Reached skill level 5 in Invocations
 38586 | Snake:2  | Reached skill level 5 in Evocations
 40084 | Snake:2  | Reached XP level 19. HP: 64/123 MP: 12/27
 41041 | Snake:3  | Found a transporter.
 41044 | Snake:3  | Found a transporter.
 41078 | Snake:3  | Noticed Aizul
 41082 | Snake:3  | Killed Aizul
 41087 | Snake:3  | Noticed Louise
 41088 | Snake:3  | Killed Louise
 41135 | Snake:3  | Found Jeokk's Antique Weapon Shoppe.
 41164 | Snake:3  | Found a transporter.
 41165 | Snake:3  | Found a transporter.
 41169 | Snake:3  | Identified the +2 leather armour of the Tormentor {-Cast
                  | Str+4 Dex+2}
 41192 | Snake:3  | Noticed Jorgrun
 41208 | Snake:3  | Killed Jorgrun
 41257 | Snake:3  | Killed from afar by a shock serpent

Illustrated notes

Levels and vault maps discovered:
D:1:      kennysheep_arrival_forest, layout_loops_ring, serial_shops, shop
D:2:      layout_rooms, minivault_4, chequers_serial_rivers_marsh
D:3:      layout_loops_corners, nicolae_ru_sacrificial_ziggurat,
          mainiacjoe_overflow_brackets, portal_sewer_entry_c, st_stairs_9
D:4:      layout_cave_pools, lemuel_mausoleum_altar_kikubaaqudgha,
          minmay_misc_feat_four_crosses
D:5:      layout_cave_pools, minmay_temple_entry_glassed_door, serial_shops,
          nicolae_take_the_stairs
D:6:      layout_gridville, serial_shops, nicolae_shop_stone
D:7:      nzn_winding_woodlands_large [nzn_winding_woodlands_5x5_perimeter,
          nzn_winding_woodlands_5x15_split_checker,
          nzn_winding_woodlands_5x5_closed_star,
          nzn_winding_woodlands_center_garden,
          nzn_winding_woodlands_15x15_five_gardens,
          nzn_winding_woodlands_center_diamonds,
          nzn_winding_woodlands_5x5_checkerboard,
          nzn_winding_woodlands_5x15_cabin, nzn_winding_woodlands_5x5_cross],
          layout_layer_cave, xom_butterflies, nicolae_sif_muna_little_library,
          uniq_crazy_yiuf_cottage
D:8:      layout_basic, marbit_many_paths, uniq_psyche
D:9:      layout_basic, uniq_amaemon, uniq_grum, uniq_prince_ribbit1,
          uniq_gastronok
D:10:     gammafunk_cloud_chamber, layout_loops_ring, enter_bailey_6
D:11:     minmay_skewed_foursquare, layout_rooms, erik_lair_island, special_room
          [special_room_orc], gauntlet_entry_generic, nicolae_stop_n_shop_1,
          uniq_josephine, uniq_lodul
D:12:     kennysheep_blocky_hall, layout_basic, serial_demonic,
          serial_demonic_d, serial_demonic_a, serial_demonic_c,
          serial_demonic_c, disabler_island
D:13:     layout_irregular_city, lightli_vaults_fourway_checkpoint,
          serial_shops, nicolae_inconvenience_store, minmay_rotating_lava,
          uniq_snorg
D:14:     layout_basic, chequers_serial_rivers_micro_b
D:15:     grunt_enter_depths_magical_seal, layout_loops_ring, serial_shops,
          nicolae_shop_trees, minmay_misc_feat_tiny, guppyfry_shop_earth
Lair:1:   layout_cave_pods, dreamdust_gnoll_shepherd, grunt_megastairs_5
Lair:2:   dreamdust_cave_troll, layout_regular_city,
          guppyfry_snake_entry_island, basic_altar, ebering_ghost_inner_flame,
          fungi_pond_lemuel, lemuel_fruit_tree
Lair:3:   kb_forest_paths, layout_regular_city, swamp_mist
Lair:4:   layout_loops_ring, uniq_rupert, uniq_kirke
Lair:5:   due_jungle_book, layout_gridlike, slime_entry_1,
          minmay_lair_drake_nest
Swamp:1:  layout_falls_marsh, hangedman_swamp_blocks, swamp_pool3,
          nicolae_swamp_big_swirl
Swamp:2:  layout_basic_swamp, evilmike_swamp_ruin_house_5, swamp_pool1,
          nicolae_swamp_orc_logging_accident, wheals_swamp_sinkhole
Swamp:3:  layout_basic_swamp, nicolae_swamp_ascending_descending_big,
          swamp_pool4, nicolae_swamp_triple_paths, infiniplex_staircase_pool,
          uniq_roxanne
Swamp:4:  swamp_pestilence, layout_basic_swamp
Snake:1:  layout_cave_shapes, nrook_guardian_serpent_ordinary
Snake:2:  layout_onion, grunt_ministairs_14, nicolae_snake_bzzzt,
          grunt_megastairs_2
Snake:3:  kennysheep_snake, layout_misc_corridors, serial_shops,
          nicolae_diamond_shop, grunt_ministairs_12, serial_nicolae_subway,
          nicolae_sub_station_metal, nicolae_sub_station_stone,
          nicolae_sub_station_crystal, uniq_aizul, uniq_jorgrun, uniq_louise
Orc:1:    layout_diamond_mine, uniq_urug
Orc:2:    grunt_orc_gardens, layout_caves, grunt_orc_garden, grunt_orc_garden,
          grunt_orc_garden, grunt_orc_garden, basic_altar, uniq_maurice

Skill      XL: |  1  2  3  4  5  6  7  8  9 10 11 12 13 14 15 16 17 18 19 |
---------------+----------------------------------------------------------+-----
Short Blades   | 3 4 5 6 8 9 13 14 | 14.0
Stealth        | 6 7 8 9 10 12 14 15 16 18 20 21 22 | 22.1
Dodging        | 2 3 4 5 7 8 10 12 14 16 | 16.4
Fighting       | 3 4 5 6 7 8 9 11 13 14 15 | 15.5
Invocations    | 3 8 9 |  9.6
Spellcasting   | 3 5 |  5.8
Conjurations   | 2 |  2.0
Translocations | 3 |  3.0
Shields        | 7 9 |  9.8
Armour         | 5 7 |  7.2
Hexes          | 6 |  6.9
Evocations     | 5 |  5.0
Throwing       | |  2.1

Action                     |  1- 3 |  4- 6 |  7- 9 | 10-12 | 13-15 | 16-18 | 19-21 || total
---------------------------+-------+-------+-------+-------+-------+-------+-------++-------
  Melee: Dagger            |    94 |   260 |   469 |   360 |       |       |       ||  1183
         Punch             |       |     1 |     8 |    15 |    19 |     1 |       ||    44
         Rapier            |       |       |       |   245 |   343 |  1178 |   130 ||  1896
         Quick blade       |       |       |       |   202 |   734 |       |       ||   936
  Throw: Dart              |       |       |     2 |    24 |    16 |     5 |       ||    47
   Cast: Momentum Strike   |       |       |       |     4 |     2 |       |       ||     6
         Blink             |       |       |       |       |     1 |       |       ||     1
 Invoke: Shadow Step       |       |       |       |     1 |     6 |    10 |     1 ||    18
         Shadow Form       |       |       |       |       |       |     1 |       ||     1
  Evoke: Wand              |       |       |       |     7 |       |       |       ||     7
    Use: Potion            |       |     4 |     3 |     6 |     8 |     6 |     2 ||    29
         Scroll            |       |       |       |    23 |     9 |    11 |     2 ||    45
   Stab: Sleeping          |    14 |    36 |    37 |    63 |   111 |   177 |    10 ||   448
         Distracted        |       |       |     5 |     4 |     6 |    13 |     1 ||    29
         Invisible         |       |       |     1 |     4 |     2 |     4 |       ||    11
 Armour: Robe              |     2 |       |       |    27 |    76 |    56 |       ||   161
         Steam dragon scal |    23 |    64 |    65 |    40 |       |       |       ||   192
         Skin              |       |    55 |       |       |       |       |       ||    55
         Swamp dragon scal |       |       |       |       |       |    95 |    16 ||   111
  Dodge: Dodged            |    65 |   141 |   308 |   480 |   615 |   717 |    89 ||  2415
  Block: Other             |       |       |    43 |    98 |   143 |    14 |       ||   298
         Reflection        |       |       |     2 |     4 |     2 |    25 |    26 ||    59
         Buckler           |       |       |       |       |       |   447 |       ||   447
         Kite shield       |       |       |       |       |       |   237 |   146 ||   383

Table legend: (Time is in decaauts)
 A = Elapsed time spent in this place.
 B = Non-inter-level travel time spent in this place.
 C = Inter-level travel time spent in this place.
 D = Time resting spent in this place.
 E = Time spent auto-exploring this place.
 F = Levels seen in this place.
 G = Mean time per level.
                   A        B        C        D        E       F      G
               +--------+--------+--------+--------+--------+-----+--------+
         Total |  40240 |  38213 |   2027 |  10059 |  19911 |  31 | 1298.1 |
       Dungeon |  20860 |  19801 |   1059 |   4863 |  11021 |  15 | 1390.7 |
          Lair |   7154 |   6571 |    583 |   1108 |   4190 |   5 | 1430.8 |
         Swamp |   5152 |   4951 |    201 |   1602 |   2474 |   4 | 1288.0 |
     Snake Pit |   3608 |   3563 |     45 |   1549 |   1203 |   3 | 1202.7 |
  Orcish Mines |   1680 |   1543 |    137 |    495 |    707 |   2 |  840.0 |
         Sewer |   1052 |   1052 |      0 |    276 |    143 |   1 | 1052.0 |
        Bailey |    731 |    731 |      0 |    165 |    172 |   1 |  731.0 |
               +--------+--------+--------+--------+--------+-----+--------+

Top non-repeatable levels by time:
     D:7: 4324 daAuts
  Lair:5: 2590 daAuts
 Snake:2: 2188 daAuts
 Swamp:4: 2044 daAuts
    D:13: 1828 daAuts
    D:12: 1746 daAuts
 Swamp:3: 1612 daAuts
     D:3: 1515 daAuts
    D:14: 1471 daAuts
  Lair:1: 1373 daAuts
  Lair:2: 1232 daAuts
    D:11: 1204 daAuts
    D:15: 1193 daAuts
     D:6: 1167 daAuts
  Lair:3: 1130 daAuts
